 Dungeon Crawl Stone Soup version 0.20.2 (webtiles) character file.

203 Alfie the Shooter (level 5, 0/45 HPs)
             Began as a Minotaur Hunter on Apr 17, 2020.
             Killed from afar by an orc wizard (8 damage)
             ... with a magic dart
             ... on level 3 of the Dungeon.
             The game lasted 00:07:22 (2054 turns).

Alfie the Shooter (Minotaur Hunter)                 Turns: 2054, Time: 00:07:22

Health: 0/45       AC:  3    Str: 17    XL:     5   Next: 51%
Magic:  4/4        EV: 12    Int:  8    God:
Gold:   113        SH:  0    Dex: 11    Spells: 4/4 levels left

rFire    . . .     SeeInvis .   b - +0 short sword
rCold    . . .     Gourm    .   (no shield)
rNeg     . . .     Faith    .   c - +0 leather armour
rPois    .         Spirit   .   (helmet unavailable)
rElec    .         Reflect  .   (no cloak)
rCorr    .         Harm     .   (no gloves)
MR       .....                  (no boots)
Stlth    +.........             (no amulet)
Regen    0.2/turn               (no ring)
MPRegen  0.1/turn               (no ring)

@: berserk cooldown, hasted and slowed
A: retaliatory headbutt, horns 3, evolution 1
a: no special abilities


You were on level 3 of the Dungeon.
You were not hungry.

You visited 1 branch of the dungeon, and saw 3 of its levels.

You collected 113 gold pieces.

Inventory:

Hand Weapons
 a - a +1 shortbow
 b - a +0 short sword (weapon)
Missiles
 d - 2 arrows
 i - 2 tomahawks (quivered)
Armour
 c - a +0 leather armour (worn)
Wands
 j - a wand of enslavement (11/24)
Scrolls
 g - 2 scrolls of identify
 l - a scroll of remove curse
Potions
 p - 2 potions of brilliance
Comestibles
 f - 4 bread rations
 h - 2 royal jellies


   Skills:
 + Level 3.4 Fighting
 + Level 1.6 Short Blades
 + Level 6.7 Bows
 + Level 0.2 Armour
 + Level 2.3 Dodging
 + Level 0.7 Stealth


You had 4 spell levels left.
You didn't know any spells.

Dungeon Overview and Level Annotations

Branches:
Dungeon (3/15)

Altars:
Fedhas
Nemelex Xobeh
The Shining One


Innate Abilities, Weirdness & Mutations

You reflexively headbutt those who attack you in melee.
You have a pair of large horns on your head.
You evolve.


Message History

* * * LOW HITPOINT WARNING * * *
You can move again.
It was a potion of haste.
You feel yourself speed up. Something hits you.
* * * LOW HITPOINT WARNING * * *
You hear some strange, mumbled words.
Something tries to affect you, but you resist.
It was a potion of mutation.
You feel extremely strange.
You feel nature experimenting on you.
Don't worry, failures die fast.
The horns on your head grow some more. Something barely misses you.
You barely miss something. You headbutt something.
You feel less confused. Something hits you but does no damage.
You barely miss something. Something hits you but does no damage.
You miss something. Something hits you but does no damage.
You miss something.
You hear some strange, mumbled words.
A magic dart appears from out of thin air!
The magic dart hits you!
You die...

#.........####.(.#####.....,,*
##.†..........(†(.......##,*,.***
...##...............†(...#o...,,,
##.##...#.............oo......**,
##.##...#######.(.#####..##...**,
.......## #...# *...o.,,,,,
##.#....## #...# *####.#,***
##.......# #...# *,#,,,,
####....## #.@.# *,*****
####...## #.{.# **,** * ......##
##)## *,,,**** ......# #)#
*,*,,>,, #######********#.#***
*,,,**** #
*,...........#********* * #
*,#####.......?..,* * # ***,*
#...!#.####,* * # *,,,* #....#.#
*,******


There were no monsters in sight!

Vanquished Creatures
  Jessica (D:2)
  An orc wizard (D:3)
  Robin (D:2)
  4 adders (D:2)
  2 oozes
  A worm (D:3)
  5 leopard geckos
  4 orcs
  6 giant cockroaches
  21 goblins
  9 hobgoblins
  9 kobolds
  A quokka (D:2)
  4 bats
  5 frilled lizards
  8 rats
82 creatures vanquished.

Notes
Turn   | Place    | Note
-------+----------+-------------------------------------------
     0 | D:1      | Alfie the Minotaur Hunter began the quest for the Orb.
     0 | D:1      | Reached XP level 1. HP: 18/18 MP: 0/0
   289 | D:1      | Reached XP level 2. HP: 25/25 MP: 1/1
   359 | D:1      | Reached skill level 5 in Bows
   559 | D:1      | Reached XP level 3. HP: 22/30 MP: 2/2
   966 | D:2      | Reached XP level 4. HP: 37/37 MP: 3/3
  1020 | D:2      | Noticed Robin
  1025 | D:2      | Reached skill level 6 in Bows
  1039 | D:2      | Killed Robin
  1135 | D:2      | Noticed Jessica
  1141 | D:2      | Killed Jessica
  1141 | D:2      | Reached skill level 1 in Short Blades
  1141 | D:2      | Reached XP level 5. HP: 45/45 MP: 4/4
  1191 | D:2      | Found a sparkling altar of Nemelex Xobeh.
  1238 | D:2      | Found a glowing golden altar of the Shining One.
  1238 | D:2      | Found a blossoming altar of Fedhas.
  2050 | D:3      | Gained mutation: You evolve. [potion of mutation]
  2050 | D:3      | Gained mutation: You have a pair of large horns on your head. [potion of mutation]
  2054 | D:3      | Killed from afar by an orc wizard

Skill      XL: |  1  2  3  4 |
---------------+-------------+-----
Bows           | 5 6 |  6.7
Fighting       | 3 |  3.4
Short Blades   | 1 |  1.6
Armour         | |  0.2
Dodging        | |  2.3
Stealth        | |  0.7

Action                   |  1- 3 |  4- 6 || total
-------------------------+-------+-------++-------
Melee: Short sword       |     6 |    70 ||    76
       Headbutt          |       |    12 ||    12
 Fire: Shortbow          |    91 |    59 ||   150
Throw: Tomahawk          |       |     8 ||     8
  Use: Scroll            |     5 |     3 ||     8
       Potion            |     1 |     3 ||     4
  Eat: Bread ration      |       |     1 ||     1
Armor: Leather armour    |     6 |    19 ||    25
Dodge: Dodged            |    20 |    45 ||    65
